 Dungeon Crawl Stone Soup version 0.30-a0-719-gcc4359ea44 (webtiles) character file.

Game seed: 13000196271513928735

1116 Rrauwl the Fighter (level 8, -2/89 HPs)
             Began as an Ogre Berserker on Jan 26, 2023.
             Was an Initiate of Ru.
             Slain by a polar bear (3 damage)
             ... created by the rage of Trog
             ... on level 5 of the Dungeon.
             The game lasted 00:12:59 (4982 turns).

Rrauwl the Fighter (Ogre Berserker)                 Turns: 4982, Time: 00:13:00

Health: -2/89      AC:  3    Str: 16 (22) XL:     8   Next: 34%
Magic:  8/8        EV: 11    Int:  8      God:    Ru [......]
Gold:   285        SH:  0    Dex: 10      Spells: 7/7 levels left

rFire   . . .      SeeInvis .    a - +0 whip (elec)
rCold   + . .      Faith    .    (no shield)
rNeg    . . .      Spirit   .    b - +0 animal skin
rPois   .          Reflect  .    (helmet restricted)
rElec   .          Harm     .    (no cloak)
rCorr   .          Rampage  .    (gloves unavailable)
Will    .....                    (boots unavailable)
Stlth   +                        (no amulet)
HPRegen 0.34/turn                p - ring of protection from cold
MPRegen 0.11/turn                (no ring)

@: about to teleport, studying Dodging
A: large, unfitting armour, tough skin 1
a: Renounce Religion


You were on level 5 of the Dungeon.
You worshipped Ru.
Ru was noncommittal.
You visited 1 branch of the dungeon, and saw 5 of its levels.

You collected 285 gold pieces.

Inventory:

Hand Weapons
 a - a +0 whip of electrocution (weapon)
 o - a +0 giant club
Missiles
 h - 4 javelins (quivered)
Armour
 b - a +0 animal skin (worn)
Jewellery
 p - a ring of protection from cold (left hand)
Wands
 j - a wand of flame (7)
 m - a wand of charming (8)
Scrolls
 c - 3 scrolls of fog
 d - 2 scrolls of teleportation
 e - 3 scrolls of identify
 f - a scroll of amnesia
Potions
 g - a potion of flight
 i - a potion of might
 k - a potion of brilliance
 l - a potion of haste
 n - a potion of attraction


   Skills:
 + Level 8.5 Fighting
 + Level 5.8 Maces & Flails
 + Level 7.1 Dodging


You had 7 spell levels left.
You didn't know any spells.
Your spell library was empty.

Dungeon Overview and Level Annotations

Branches:
Dungeon (5/15)
 Temple: D:4-7

Altars:
Fedhas
Qazlal
Ru
Wu Jian

Annotations:
D:3 2 transporters, Arximoufas's ghost, amateur FoEE
D:5 2 runed translucent doors


Innate Abilities, Weirdness & Mutations

You are too large for most types of armour.
You have tough skin. (AC +1)


Message History

You hear an angry growl. x2
You hear an angry growl. x2
You hear an angry growl.
You hear an angry growl. x2
You hear an angry growl. x2
You hear an angry growl. x2
You hear an angry growl. x3
You hear an angry growl. x2
You hear an angry growl.
You hear an angry growl.
You hear an angry growl.
You hear an angry growl.
You hear an angry growl. x5
You hear an angry growl.
You hear an angry growl.
Trog sends monsters to punish you. 2 black bears and 3 polar bears come into view.
As you read the scroll of teleportation, it crumbles to dust.
You feel strangely unstable.
You closely miss the polar bear. The polar bear bites you.
The polar bear claws you. The polar bear barely misses you.
The polar bear closely misses you. The polar bear misses you.
The polar bear barely misses you. The polar bear bites you!
The polar bear claws you.
The polar bear claws you but does no damage.
You hear a shout!
You hit the polar bear but do no damage.
The polar bear bites you!
The polar bear claws you but does no damage.
The polar bear closely misses you. The polar bear bites you.
The polar bear closely misses you. The polar bear claws you.
The polar bear bites you but does no damage.
The polar bear claws you. x2
* * * LOW HITPOINT WARNING * * *
You closely miss the polar bear. The polar bear misses you.
The polar bear barely misses you. The polar bear closely misses you.
The polar bear bites you!!
* * * LOW HITPOINT WARNING * * *
The polar bear claws you.
You die...

###
#####.....
#h@hh...#
#h###.#.#
#h .. ##.
#. #. #.


You could see 3 polar bears and 2 black bears.

Vanquished Creatures
  Grinder (D:3)
  Sigmund (D:2)
  Eustachio (D:4)
  A black bear (D:4)
  An ogre (D:4)
  Blork the orc (D:4)
  A scorpion (D:4)
  A jelly (D:4)
  2 hounds
  An orc priest (D:3)
  An iguana (D:4)
  2 orc wizards (D:3)
  Natasha (twice) (D:2)
  5 adders
  4 worms
  5 dart slugs
  5 orcs
  8 endoplasms
  6 giant cockroaches
  8 goblins
  6 hobgoblins
  2 jackals
  7 quokkas
  7 ball pythons
  7 bats
  5 frilled lizards
  8 kobolds
  7 rats
106 creatures vanquished.

Vanquished Creatures (others)
  22 fungi (D:4)
  11 plants (D:4)
33 creatures vanquished.

Grand Total: 139 creatures vanquished

Notes
Turn   | Place    | Note
-------+----------+-------------------------------------------
     0 | D:1      | Rrauwl the Ogre Berserker began the quest for the Orb.
     0 | D:1      | Reached XP level 1. HP: 24/24 MP: 1/1
   161 | D:1      | Reached XP level 2. HP: 25/32 MP: 2/2
   512 | D:1      | Reached XP level 3. HP: 40/40 MP: 3/3
   939 | D:2      | Noticed Natasha
   951 | D:2      | Killed Natasha
   952 | D:2      | Reached skill level 5 in Fighting
   952 | D:2      | Reached XP level 4. HP: 31/50 MP: 4/4
  1029 | D:2      | Reached ** piety under Trog
  1181 | D:2      | Noticed Natasha
  1263 | D:2      | Identified a scroll of acquirement
  1263 | D:2      | Acquired a manual of Dodging
  1308 | D:2      | Noticed Sigmund
  1320 | D:2      | Killed Sigmund
  1321 | D:2      | Reached skill level 6 in Fighting
  1321 | D:2      | Reached XP level 5. HP: 51/59 MP: 5/5
  1321 | D:2      | Reached XP level 6. HP: 58/67 MP: 6/6
  1424 | D:2      | Found a blossoming altar of Fedhas.
  1790 | D:2      | Killed Natasha
  2087 | D:3      | Found a transporter.
  2087 | D:3      | Noticed Arximoufas's ghost (amateur FoEE)
  2127 | D:3      | Found a transporter.
  3129 | D:3      | Reached skill level 5 in Dodging
  3248 | D:3      | Noticed Grinder
  3272 | D:3      | Killed Grinder
  3273 | D:3      | Reached skill level 7 in Fighting
  3273 | D:3      | Reached skill level 5 in Maces & Flails
  3273 | D:3      | Reached XP level 7. HP: 53/78 MP: 7/7
  3415 | D:3      | Reached *** piety under Trog
  3686 | D:4      | Noticed Blork the orc
  3695 | D:4      | Killed Blork the orc
  3841 | D:4      | Found a stormy altar of Qazlal.
  3890 | D:4      | Reached XP level 8. HP: 88/88 MP: 8/8
  3911 | D:4      | Found a sacrificial altar of Ru.
  3942 | D:4      | Reached skill level 8 in Fighting
  4033 | D:4      | Fell from the grace of Trog
  4033 | D:4      | Became a worshipper of Ru the Awakened
  4074 | D:4      | Noticed Eustachio
  4091 | D:4      | Killed Eustachio
  4262 | D:4      | Found an ornate altar of the Wu Jian Council.
  4274 | D:4      | Noticed a polar bear
  4274 | D:4      | Noticed a polar bear
  4274 | D:4      | Noticed a polar bear
  4545 | D:4      | Found a blossoming altar of Fedhas.
  4748 | D:5      | Entered Level 5 of the Dungeon
  4815 | D:5      | Found a runed translucent gate.
  4816 | D:5      | Found a runed translucent gate.
  4855 | D:5      | Noticed a polar bear
  4855 | D:5      | Noticed a polar bear
  4855 | D:5      | Noticed a polar bear
  4979 | D:5      | Noticed a polar bear
  4979 | D:5      | Noticed a polar bear
  4979 | D:5      | Noticed a polar bear
  4982 | D:5      | HP: 1/89 [polar bear[the rage of Trog] (23)]
  4982 | D:5      | Slain by a polar bear

Illustrated notes

Levels and vault maps discovered:
D:1:      dpeg_arrival_three_smaller_balls, layout_basic
D:2:      kb_forest_paths, layout_loops_ring, basic_altar, supply_closet_lemuel,
          minmay_pentomino_pile, uniq_sigmund, uniq_natasha
D:3:      minmay_door_path, layout_loops_ring, gammafunk_ghost_stat_death,
          minmay_increasing_density, uniq_grinder
D:4:      layout_basic, mainiacjoe_overflow_cross_hatched, grunt_qazlal_clouds,
          nicolae_ru_the_path_less_chosen, fedhas_altar_decomposition,
          uniq_eustachio, uniq_blork_the_orc
D:5:      layout_loops_corners, serial_shops, nicolae_diamond_shop,
          gammafunk_ghost_icy, hangedman_abyss_or_decor_jellyfish_corner,
          chequers_serial_rivers_micro_e

Skill      XL: |  1  2  3  4  5  6  7  8 |
---------------+-------------------------+-----
Maces & Flails | 3 4 5 |  5.8
Dodging        | 3 4 5 6 7 |  7.1
Fighting       | 5 6 7 8 |  8.5

Action                     |  1- 3 |  4- 6 |  7- 9 || total
---------------------------+-------+-------+-------++-------
  Melee: Mace              |    74 |   161 |       ||   235
         Whip              |       |    71 |   104 ||   175
         Punch             |       |     2 |     2 ||     4
  Evoke: Wand              |       |       |     4 ||     4
    Use: Scroll            |       |     7 |     5 ||    12
         Potion            |       |     6 |     1 ||     7
 Armour: Animal skin       |    15 |    76 |    21 ||   112
  Dodge: Dodged            |    29 |   106 |    63 ||   198

Table legend: (Time is in decaauts)
 A = Elapsed time spent in this place.
 B = Non-inter-level travel time spent in this place.
 C = Inter-level travel time spent in this place.
 D = Time resting spent in this place.
 E = Time spent auto-exploring this place.
 F = Levels seen in this place.
 G = Mean time per level.
                   A        B        C        D        E       F      G
               +--------+--------+--------+--------+--------+-----+--------+
         Total |   4989 |   4933 |     56 |     98 |   3788 |   5 |  997.8 |
       Dungeon |   4989 |   4933 |     56 |     98 |   3788 |   5 |  997.8 |
               +--------+--------+--------+--------+--------+-----+--------+

Top non-repeatable levels by time:
     D:3: 1429 daAuts
     D:2: 1359 daAuts
     D:4: 1095 daAuts
     D:1: 873 daAuts
     D:5: 230 daAuts
